[Event "*** SCC Grand Prix: Titled Tuesday Blitz"]
[Site "Chess.com"]
[Date "2020.10.13"]
[Round "6"]
[White "Piotrek1979"]
[Black "MarceloPlaya"]
[Result "1-0"]
[WhiteElo "2431"]
[BlackElo "2273"]
[TimeControl "180+1"]
[EndTime "11:05:36 PDT"]
[Termination "Piotrek1979 won by resignation"]

1. Nf3 e6 2. g3 d5 3. Bg2 c5 4.
O-O Nc6 5. c4 d4 6. d3 Nf6 7. e3 e5 8. exd4 exd4 9. Re1+ Be7 10.
Bf4 O-O 11. Ne5 Nxe5 12. Bxe5 Bd6 13. Nd2 Bxe5 14. Rxe5 Qd6 15. Qe2 Bg4 16. Bf3 Bxf3 17. Nxf3 Rfe8 18. Re1 Rxe5 19. Qxe5 Qxe5 20. Rxe5 b6 21. Re7 Kf8 22. Rb7 Re8 23. Rxa7 Re2 24. Kf1 Rxb2 25. Ne5 Ke8 26. h3 Rd2 27. Rxf7 Rxa2 28.
Rxg7 Rb2 29. Rb7 Kd8 30. g4 Ne8 31. Rxh7 b5 32. cxb5 Rxb5 33. Nc6+ Kc8 34. Na7+ 1-0

[Event "*** SCC Grand Prix: Titled Tuesday Blitz"]
[Site "Chess.com"]
[Date "2020.10.13"]
[Round "6"]
[White "venus02"]
[Black "QuintilianoR"]
[Result "1-0"]
[WhiteElo "2502"]
[BlackElo "2617"]
[TimeControl "180+1"]
[EndTime "11:05:37 PDT"]
[Termination "venus02 won by resignation"]

1. e4 e6 2. d4 d5 3. Nd2 Nc6 4. Ngf3 Nf6 5. e5 Nd7 6. Nb3 f6 7. Bb5 a5 8. O-O a4 9. Nbd2 Na7 10. Bxa4 b5 11. Bb3 c5 12. c3 Nc6 13. Re1 fxe5 14.
Nxe5 Ndxe5 15. dxe5 Be7 16. Nf3 O-O 17. Bc2 Bd7 18.
Qd3 g6 19. Bh6 Rf7 20. Qd2 Rxf3 21. gxf3 Qe8 22. Qf4 Qd8 23. Qg4 Bf8 24. Bg5 Qe8 25.
Bf6 Bg7 26. Bxg7 Kxg7 27. h4 Qf7 28. h5 Rf8 29. hxg6 hxg6 30. Kg2 Ne7 31. Rh1 Qf4 32.
Qxf4 Rxf4 33. Kg3 Rf5 34. Bxf5 Nxf5+ 1-0

[Event "*** SCC Grand Prix: Titled Tuesday Blitz"]
[Site "Chess.com"]
[Date "2020.10.13"]
[Round "6"]
[White "semchik73"]
[Black "TST2014"]
[Result "0-1"]
[WhiteElo "2359"]
[BlackElo "2539"]
[TimeControl "180+1"]
[EndTime "11:05:38 PDT"]
[Termination "TST2014 won by checkmate"]

1. Nf3 Nf6 2. c4 g6 3. d4 Bg7 4. Nc3 O-O 5. e3 d6 6. Be2 c5 7. O-O Nc6 8. b3 cxd4 9. exd4 d5 10. Bb2 Bg4 11. Ne5 Bxe2 12. Nxe2 e6 13. Rc1 Ne4 14. cxd5 Nxe5 15. dxe5 exd5 16. f3 Ng5 17. Rc5 Qb6 18.
Bd4 Bxe5 19. Bf2 Ne6 20. Rxd5 Qc7 21. Rd7 Bxh2+ 22. Kh1 Qe5 23. g3 Rad8 24. Re1 Qh5 25. Kg2 Rxd7 26. Qxd7 Rd8 27. Qxb7 Ng5 28. Rh1 Qh3# 0-1

[Event "*** SCC Grand Prix: Titled Tuesday Blitz"]
[Site "Chess.com"]
[Date "2020.10.13"]
[Round "6"]
[White "esrosenberg"]
[Black "Zq1"]
[Result "0-1"]
[WhiteElo "2312"]
[BlackElo "2512"]
[TimeControl "180+1"]
[EndTime "11:05:38 PDT"]
[Termination "Zq1 won on time"]

1. Nf3 Nf6 2. c4 e6 3. Nc3 d5 4. d4 Be7 5. Bg5 h6 6. Bf4 O-O 7. e3 b6 8. Qc2 c5 9. Rd1 cxd4 10.
exd4 Bb7 11. a3 Nc6 12. Be2 Rc8 13. cxd5 Nxd5 14. Nxd5 Qxd5 15. Qd2 Bf6 16. Qe3 Rfd8 17. O-O Nxd4 18. Kh1 Rc2 19. Rfe1 Qe4 20. Qxe4 Bxe4 21. Nxd4 Rxd4 22. Rxd4 Bxd4 23. Bd1 Rxf2 0-1

[Event "*** SCC Grand Prix: Titled Tuesday Blitz"]
[Site "Chess.com"]
[Date "2020.10.13"]
[Round "6"]
[White "peixe64"]
[Black "TomiLen"]
[Result "0-1"]
[WhiteElo "2368"]
[BlackElo "2596"]
[TimeControl "180+1"]
[EndTime "11:05:41 PDT"]
[Termination "TomiLen won by resignation"]

1. e4 e6 2. d4 d5 3. Nc3 Nf6 4. e5 Nfd7 5. f4 c5 6. Nf3 Nc6 7. Be3 Rb8 8. Qd2 Qa5 9. Be2 b5 10. O-O b4 11. Nd1 Ba6 12. Bxa6 Qxa6 13. dxc5 Bxc5 14. f5 Qb6 15. fxe6 fxe6 16. Ng5 Ncxe5 17. Bxc5 Nxc5 18. Qd4 Ncd7 19. c3 h6 20. Nh3 bxc3 21.
bxc3 Qxd4+ 22. cxd4 Nc6 23. Ne3 Nxd4 24. Rad1 Ne2+ 25.
Kf2 Nc3 26. Rd3 O-O+ 27. Kg1 Ne2+ 28. Kh1 Rxf1+ 29. Nxf1 Rb1 30. Rf3 Ne5 31. Rf2 Ng4 32.
Rxe2 Rxf1+ 33. Ng1 Nf2+ 0-1

[Event "*** SCC Grand Prix: Titled Tuesday Blitz"]
[Site "Chess.com"]
[Date "2020.10.13"]
[Round "6"]
[White "lucachess49"]
[Black "Shivagami"]
[Result "1-0"]
[WhiteElo "2409"]
[BlackElo "2242"]
[TimeControl "180+1"]
[EndTime "11:05:41 PDT"]
[Termination "lucachess49 won by resignation"]

1. d4 Nf6 2. c4 c5 3. d5 e6 4. Nc3 exd5 5. cxd5 d6 6. Nf3 a6 7.
a4 g6 8. Bf4 Bg7 9. e3 Bg4 10.
Be2 O-O 11. Nd2 Bxe2 12. Qxe2 Ne8 13. O-O Nd7 14. Nc4 Qe7 15. a5 Ne5 16. Rab1 f5 17. h3 Nc7 18. b4 cxb4 19. Rxb4 Nxc4 20. Qxc4 Bxc3 21. Qxc3 Nxd5 22. Qb3 Qe6 23. Bh6 Rf7 24. Rxb7 Nc7 25. Qb6 Nb5 26. Rb8+ 1-0

[Event "*** SCC Grand Prix: Titled Tuesday Blitz"]
[Site "Chess.com"]
[Date "2020.10.13"]
[Round "6"]
[White "kintoho"]
[Black "Chessalary"]
[Result "1-0"]
[WhiteElo "2505"]
[BlackElo "2287"]
[TimeControl "180+1"]
[EndTime "11:05:43 PDT"]
[Termination "kintoho won by checkmate"]

1. e4 c6 2. d4 d5 3. e5 Bf5 4. h4 h5 5. c4 e6 6. Bg5 Be7 7. Qd2 Bxg5 8. Qxg5 Qxg5 9. hxg5 Ne7 10.
Nc3 Nd7 11. cxd5 Nxd5 12. Nxd5 cxd5 13. Rc1 Ke7 14. Kd2 Rac8 15. Ne2 Rxc1 16. Nxc1 g6 17. Be2 Rc8 18. Bd3 Bxd3 19. Kxd3 Nb6 20. b3 a5 21.
Ne2 a4 22. Rb1 Rc7 23. Nc3 axb3 24. axb3 Nc8 25. Ra1 b6 26. Ra8 Kd7 27. Nb5 Rc1 28. Rb8 Rd1+ 29. Kc3 Rf1 30. f3 Kc6 31. Kb4 Ne7 32.
Rf8 Nf5 33. Rxf7 Ne3 34. Rc7# 1-0

[Event "*** SCC Grand Prix: Titled Tuesday Blitz"]
[Site "Chess.com"]
[Date "2020.10.13"]
[Round "6"]
[White "tdf98pantani"]
[Black "HrvojeZagreb"]
[Result "1-0"]
[WhiteElo "2715"]
[BlackElo "2177"]
[TimeControl "180+1"]
[EndTime "11:05:46 PDT"]
[Termination "tdf98pantani won on time"]

1. d4 e6 2. e4 d5 3. Nc3 dxe4 4. Nxe4 Nd7 5. Nf3 Ngf6 6. Nxf6+ Nxf6 7. c3 c5 8. Ne5 a6 9. Qa4+ Bd7 10. Nxd7 Nxd7 11.
Be3 b5 12. Qd1 Qc7 13. Be2 cxd4 14. Bxd4 Bc5 15. Bf3 Rd8 16. Bxg7 Ne5 17. Qe2 Nd3+ 18. Kf1 Nxf2 19. Bxh8 Nxh1 20. Be5 Qb6 21. b4 Bd6 22. Bd4 Qc7 23. Kg1 Bxh2+ 24. Kxh1 Bg3 25. Qe4 Rd5 26. Qxh7 Rxd4 27. cxd4 Qf4 28. d5 Ke7 29. dxe6 Kxe6 30. Rf1 1-0

[Event "*** SCC Grand Prix: Titled Tuesday Blitz"]
[Site "Chess.com"]
[Date "2020.10.13"]
[Round "6"]
[White "djano"]
[Black "MVM2008"]
[Result "1-0"]
[WhiteElo "2461"]
[BlackElo "2191"]
[TimeControl "180+1"]
[EndTime "11:05:48 PDT"]
[Termination "djano won on time"]

1. Nf3 e6 2. d4 f5 3. Bf4 d6 4. h3 Nf6 5. Rg1 Be7 6. Nbd2 b6 7. g4 fxg4 8. hxg4 O-O 9. Bh2 e5 10. g5 Ng4 11. c3 Nxh2 12. Nxh2 Bxg5 13. Nhf3 Bf6 14.
dxe5 dxe5 15. Qc2 Na6 16. O-O-O Qe7 17. Rh1 g6 18. Bh3 Bxh3 19. Rxh3 Nc5 20. Ne4 Nxe4 21. Qxe4 Rad8 22. Rdh1 Qg7 23. Kb1 Be7 24. a3 Rf4 25.
Qc6 Bd6 26. Ng5 h6 27. Ne6 Qd7 28. Nxd8 Qxd8 29. Rxh6 Kg7 30. Rh7+ Kf6 31. Qd5 1-0

[Event "*** SCC Grand Prix: Titled Tuesday Blitz"]
[Site "Chess.com"]
[Date "2020.10.13"]
[Round "6"]
[White "barriochess"]
[Black "JoakimVonAnd"]
[Result "0-1"]
[WhiteElo "2271"]
[BlackElo "2493"]
[TimeControl "180+1"]
[EndTime "11:05:52 PDT"]
[Termination "JoakimVonAnd won by resignation"]

1. d4 Nf6 2. c4 e6 3. Nf3 d5 4. g3 Bb4+ 5. Nc3 dxc4 6. Bg2 O-O 7. O-O c5 8. dxc5 Bxc5 9. Bg5 Qxd1 10. Rfxd1 Nc6 11.
Bxf6 gxf6 12. Rac1 e5 13. Ne4 Be7 14. Nd6 Be6 15.
Nxc4 Rfd8 16. b3 Nb4 17. a4 Na2 18. Ra1 Nc3 19. Re1 Bb4 20. e3 Rac8 21. Bf1 Bd5 22. Nh4 Nxa4 23. Rec1 Nc5 24. Rxa7 Nxb3 25. Rb1 Bc5 26.
Ra4 b5 27. Rxb3 bxa4 28. Rb5 a3 29. Ra5 Bb4 0-1

[Event "*** SCC Grand Prix: Titled Tuesday Blitz"]
[Site "Chess.com"]
[Date "2020.10.13"]
[Round "6"]
[White "Nemsko"]
[Black "Inga83"]
[Result "0-1"]
[WhiteElo "2359"]
[BlackElo "2405"]
[TimeControl "180+1"]
[EndTime "11:05:52 PDT"]
[Termination "Inga83 won by resignation"]

1. e4 c6 2. d4 d5 3. e5 Bf5 4.
Nf3 e6 5. Be2 c5 6. Be3 Ne7 7.
O-O Nec6 8. c4 dxc4 9. Bxc4 cxd4 10. Bxd4 Bg4 11. Bc3 Qxd1 12. Rxd1 Bc5 13. Nbd2 O-O 14.
Ne4 Bb6 15. Rd2 Na6 16. Rad1 Nc5 17. Nd6 Na4 18. Nxb7 Nxc3 19. bxc3 Bxf3 20. gxf3 Nxe5 21. Be2 Rac8 22. Rc2 Rc7 23. Nd6 Ng6 24. c4 Nf4 25. Bf1 Rd8 26. Rcd2 h5 27. Nb5 Rxd2 28.
Rxd2 Rc8 29. Rd7 Rc5 30. Nxa7 Rg5+ 31. Kh1 Bxf2 32. Rd8+ Kh7 0-1

[Event "*** SCC Grand Prix: Titled Tuesday Blitz"]
[Site "Chess.com"]
[Date "2020.10.13"]
[Round "6"]
[White "Quiet_Desperation"]
[Black "Matols"]
[Result "1-0"]
[WhiteElo "1916"]
[BlackElo "2232"]
[TimeControl "180+1"]
[EndTime "11:05:52 PDT"]
[Termination "Quiet_Desperation won by checkmate"]

1. e4 e6 2. d4 d5 3. Nc3 Nf6 4. e5 Nfd7 5. f4 c5 6. Nf3 Nc6 7. Be3 cxd4 8. Nxd4 Bc5 9. Qd2 O-O 10. O-O-O a6 11. h4 Nxd4 12. Bxd4 b5 13. Bxc5 Nxc5 14. Bd3 b4 15. Ne2 a5 16. Kb1 Qb6 17. h5 a4 18. h6 g6 19. Qe3 Ba6 20. g4 b3 21.
cxb3 axb3 22. a3 Rfc8 23. Bxa6 Qxa6 24. f5 Ne4 25. Rc1 Rc4 26. Ng3 Rac8 27. Nxe4 Rxe4 28. Qxb3 Rxg4 29. Qb5 Qa8 30. fxe6 fxe6 31. Qd7 Re8 32.
Qg7# 1-0

[Event "*** SCC Grand Prix: Titled Tuesday Blitz"]
[Site "Chess.com"]
[Date "2020.10.13"]
[Round "6"]
[White "chiwii"]
[Black "Trovita84"]
[Result "1-0"]
[WhiteElo "2204"]
[BlackElo "2017"]
[TimeControl "180+1"]
[EndTime "11:05:52 PDT"]
[Termination "chiwii won by resignation"]

1. e4 e5 2. Nf3 Nc6 3. d4 exd4 4. Bc4 d6 5. Nxd4 Nf6 6. Nc3 Be7 7. O-O O-O 8. f3 Nxd4 9. Qxd4 Be6 10. Bb3 Bxb3 11. axb3 a6 12. Be3 Nd7 13. Rfd1 Bf6 14. Qd2 Ne5 15.
Nd5 Bh4 16. Bf2 f5 17. exf5 Bxf2+ 18. Qxf2 Rxf5 19. Ra4 b5 20. Re4 Ng6 21. Ne3 Re5 22. Rxe5 Nxe5 23. Qd2 Qe7 24. Qd5+ 1-0

[Event "*** SCC Grand Prix: Titled Tuesday Blitz"]
[Site "Chess.com"]
[Date "2020.10.13"]
[Round "6"]
[White "tandaleo"]
[Black "MatyChess1"]
[Result "0-1"]
[WhiteElo "2346"]
[BlackElo "2579"]
[TimeControl "180+1"]
[EndTime "11:05:53 PDT"]
[Termination "MatyChess1 won by resignation"]

1. d4 Nf6 2. c4 e6 3. Nc3 Bb4 4. Bd2 O-O 5. Nf3 d5 6. e3 b6 7.
cxd5 exd5 8. Rc1 c5 9. dxc5 bxc5 10. Na4 Bxd2+ 11. Qxd2 Ne4 12. Qc2 Qa5+ 13. Nc3 Nc6 14. a3 Bf5 15. Bd3 c4 16. Bxe4 Bxe4 17. Qd2 Bxf3 18. gxf3 Rad8 19. f4 Rfe8 20. O-O d4 21. exd4 Nxd4 22. Kg2 Qf5 23. f3 Nb3 24. Qf2 Rd2 25.
Rce1 Rxf2+ 26. Kxf2 Rxe1 27. Rxe1 h6 0-1

[Event "*** SCC Grand Prix: Titled Tuesday Blitz"]
[Site "Chess.com"]
[Date "2020.10.13"]
[Round "6"]
[White "CrazyMartian"]
[Black "Castleqweenside7447"]
[Result "0-1"]
[WhiteElo "2295"]
[BlackElo "2442"]
[TimeControl "180+1"]
[EndTime "11:05:53 PDT"]
[Termination "Castleqweenside7447 won by resignation"]

1. d4 c5 2. c3 e6 3. Nf3 Nc6 4.
Bf4 Qb6 5. Qb3 d5 6. e3 c4 7. Qc2 Nf6 8. Nbd2 Nh5 9. Bg3 g6 10. e4 Bh6 11. Be2 Nf4 12. Bxf4 Bxf4 13. O-O O-O 14. g3 Bh6 15. e5 Bd7 16. h4 f6 17.
exf6 Rxf6 18. Ng5 Raf8 19. Kg2 e5 20. dxe5 Nxe5 21. f4 Bf5 22. fxe5 Bxc2 23. exf6 Bxg5 24. hxg5 Qe3 25. Rf2 Qxd2 26. Bf3 Qd3 27. Re1 Qf5 28. Be2 Be4+ 29. Kg1 Qxg5 0-1

[Event "*** SCC Grand Prix: Titled Tuesday Blitz"]
[Site "Chess.com"]
[Date "2020.10.13"]
[Round "6"]
[White "Smirnov_Pavel"]
[Black "Parhamov"]
[Result "0-1"]
[WhiteElo "2837"]
[BlackElo "2964"]
[TimeControl "180+1"]
[EndTime "11:05:55 PDT"]
[Termination "Parhamov won by resignation"]

1. d4 Nf6 2. c4 e6 3. Nf3 d5 4. Nc3 Bb4 5. Bg5 dxc4 6. e4 h6 7. Bxf6 Qxf6 8. Bxc4 c5 9. O-O cxd4 10. Nb5 Qe7 11. Qxd4 O-O 12. e5 a6 13. Nc3 Nc6 14. Qe4 Rd8 15. Rad1 Bxc3 16. bxc3 Bd7 17. Bd3 g6 18. h4 Na5 19. h5 Bc6 20. Qe3 Bxf3 21.
Qxf3 Nc6 22. hxg6 Nxe5 23. gxf7+ Qxf7 24. Qe4 Nxd3 25. Rxd3 Rxd3 26. Qxd3 Rf8 27. Qe4 b5 28. f4 Qf5 29. Qc6 Qd5 30. Qxd5 exd5 31. Rf3 Re8 32. Kf2 Re4 33. Rd3 Rxf4+ 34. Ke3 Re4+ 35. Kf3 Rc4 36. a3 Ra4 37. Rxd5 Rxa3 38. Rd6 b4 39. Rxh6 b3 40. Rb6 a5 41. Ke4 a4 42. Kd3 Ra2 43. c4 b2 44. c5 a3 45.
c6 Ra1 46. c7 Rc1 47. Rb8+ Kf7 48. c8=Q 0-1

[Event "*** SCC Grand Prix: Titled Tuesday Blitz"]
[Site "Chess.com"]
[Date "2020.10.13"]
[Round "6"]
[White "chenxiaoyuer"]
[Black "Rozum_Ivan"]
[Result "0-1"]
[WhiteElo "2534"]
[BlackElo "2747"]
[TimeControl "180+1"]
[EndTime "11:05:57 PDT"]
[Termination "Rozum_Ivan won by resignation"]

1. e4 d6 2. d4 Nf6 3. Nc3 e5 4. Nf3 exd4 5. Nxd4 g6 6. f3 Bg7 7. Be3 c6 8. Qd2 d5 9. O-O-O O-O 10. Nb3 Be6 11. exd5 Nxd5 12. Nxd5 Qxd5 13. Qxd5 Bxd5 14. c4 Be6 15. Nc5 Bc8 16. Ne4 Na6 17. c5 Be6 18. b3 Nb4 19. a3 Nd5 20. Bd4 b6 21. Bc4 Rfd8 22. Bxg7 Kxg7 23. Rd4 Nf4 24. Rxd8 Rxd8 25.
Bxe6 Nxe6 26. cxb6 axb6 27. Rd1 Nd4 28. Kb2 f5 29. Nc3 Kf6 30. Ne2 Ne6 31. Rxd8 Nxd8 32. Kc3 Ke5 33. Kd3 Nb7 34. b4 b5 35. f4+ Ke6 36.
Nd4+ Kd5 37. Ne2 Nd6 38. Nc3+ Ke6 39. Kd4 Nb7 40. g3 Kd6 41. h4 Nd8 42. Kd3 Ne6 43. Ke3 Ng7 44. Kf3 Nh5 45. Kf2 Nf6 46. Kf3 Nd5 47. Ne2 Nb6 48. Nd4 Nc4 49. Nb3 Nxa3 50. Na5 Nc2 51. Ke2 Nxb4 52. Kd2 Nd5 0-1

[Event "*** SCC Grand Prix: Titled Tuesday Blitz"]
[Site "Chess.com"]
[Date "2020.10.13"]
[Round "6"]
[White "margarita_2703"]
[Black "BikingBrian"]
[Result "1-0"]
[WhiteElo "2394"]
[BlackElo "2215"]
[TimeControl "180+1"]
[EndTime "11:05:57 PDT"]
[Termination "margarita_2703 won by resignation"]

1. Nf3 g6 2. c4 Bg7 3. Nc3 c5 4. e4 Nc6 5. g3 e5 6. Bg2 Nge7 7. O-O d6 8. d3 O-O 9. Nd5 Nxd5 10. cxd5 Ne7 11.
Rb1 a5 12. Nd2 b5 13. a4 Bd7 14. axb5 Bxb5 15. Nc4 Bxc4 16. dxc4 Qb6 17. Bg5 f6 18.
Be3 Qb4 19. b3 Rfb8 20. Qc2 Qb7 21. Bh3 Qc7 22. Be6+ Kh8 23. h4 Rf8 24. Kg2 f5 25. f4 fxe4 26. Qxe4 exf4 27. Rxf4 Rxf4 28. Bxf4 Rf8 29.
Rh1 Ng8 30. h5 Nf6 31. hxg6 h6 32. Qe3 Re8 33. Bxh6 Rxe6 34. Bxg7+ Kxg7 35. Qh6+ Kg8 1-0

[Event "*** SCC Grand Prix: Titled Tuesday Blitz"]
[Site "Chess.com"]
[Date "2020.10.13"]
[Round "6"]
[White "Susal_De_Silva"]
[Black "OlympusMons95"]
[Result "1-0"]
[WhiteElo "2474"]
[BlackElo "2690"]
[TimeControl "180+1"]
[EndTime "11:06:00 PDT"]
[Termination "Susal_De_Silva won by resignation"]

1. e4 c5 2. Nf3 Nc6 3. Bb5 d6 4. O-O Bd7 5. Re1 a6 6. Bf1 e5 7.
c3 g5 8. g3 g4 9. Nh4 h5 10.
Bg2 Bh6 11. d3 Bxc1 12. Qxc1 Qf6 13. Nd2 Nge7 14. Nc4 Ng6 15. Nf5 Bxf5 16. exf5 Nge7 17. Qd2 O-O-O 18. d4 cxd4 19. cxd4 Nxd4 20. Rac1 Kb8 21.
Bxb7 Kxb7 22. Qb4+ Nb5 23. a4 Nc6 24. Na5+ Nxa5 25. Qxa5 Rd7 26. axb5 d5 27. Rc6 1-0

[Event "*** SCC Grand Prix: Titled Tuesday Blitz"]
[Site "Chess.com"]
[Date "2020.10.13"]
[Round "6"]
[White "Gulkov_Igor"]
[Black "Ze-Pequeno"]
[Result "1-0"]
[WhiteElo "2459"]
[BlackElo "2170"]
[TimeControl "180+1"]
[EndTime "11:06:00 PDT"]
[Termination "Gulkov_Igor won by resignation"]

1. Nf3 Nf6 2. c4 c5 3. Nc3 e6 4.
g3 b6 5. Bg2 Bb7 6. O-O Be7 7. d4 cxd4 8. Qxd4 d6 9. Bg5 Nbd7 10.
Nb5 h6 11. Bxf6 Nxf6 12. Rfd1 O-O 13. Nxd6 Bc6 14. Ne5 Bxg2 15. Kxg2 Qc7 16. Nb5 Qb7+ 17. f3 a6 18. Nc3 Qc7 19. Nd3 Rac8 20. Rac1 Rfd8 21.
Qf4 Qxc4 22. Qxc4 Rxc4 23. Ne5 Rdc8 24. Nxc4 Rxc4 25. Ne4 Rb4 26. Nxf6+ Bxf6 27. b3 1-0

[Event "*** SCC Grand Prix: Titled Tuesday Blitz"]
[Site "Chess.com"]
[Date "2020.10.13"]
[Round "6"]
[White "Ladislav1969"]
[Black "JiiHart"]
[Result "1-0"]
[WhiteElo "2375"]
[BlackElo "2084"]
[TimeControl "180+1"]
[EndTime "11:06:00 PDT"]
[Termination "Ladislav1969 won by resignation"]

1. e4 c5 2. d4 cxd4 3. c3 d5 4. exd5 Qxd5 5. cxd4 Nc6 6. Nf3 Bg4 7. Nc3 Bxf3 8. Nxd5 Bxd1 9. Nc7+ Kd8 10. Nxa8 Bh5 11. d5 Nd4 12. Bd3 Nf6 13. Be3 e5 14. dxe6 Bb4+ 15. Kf1 Nxe6 16. Bxa7 Ke7 17. Nb6 Rd8 18. Be2 Bxe2+ 19. Kxe2 Nd4+ 20. Kf1 Nc6 21. a3 Bc5 22. Nc8+ Rxc8 23. Bxc5+ Ke6 24. Ke2 Ne5 25. Bd4 Rc2+ 26. Kd1 Rc4 27. Bxe5 Kxe5 28. Re1+ Kd6 29. Rc1 Rd4+ 30.
Kc2 Ne4 31. Rcd1 1-0

[Event "*** SCC Grand Prix: Titled Tuesday Blitz"]
[Site "Chess.com"]
[Date "2020.10.13"]
[Round "6"]
[White "korkmaz16"]
[Black "DonBroca"]
[Result "0-1"]
[WhiteElo "2361"]
[BlackElo "2214"]
[TimeControl "180+1"]
[EndTime "11:06:00 PDT"]
[Termination "DonBroca won by checkmate"]

1. e4 c5 2. Nc3 g6 3. f4 Bg7 4. Nf3 e6 5. Bc4 Ne7 6. Qe2 Nbc6 7. O-O Nd4 8. Nxd4 cxd4 9. Nb5 a6 10. Nd6+ Kf8 11. e5 Nf5 12. Nxf5 gxf5 13. b3 b5 14. Ba3+ Kg8 15. Bd3 Bb7 16. Bc5 d6 17. Bxd4 dxe5 18. Bxe5 Bxe5 19. Qxe5 h6 20. Rae1 Rh7 21. Rf2 Rg7 22.
Re3 Qh4 23. Qc7 f6 24. Qd6 Kh8 25. Qxe6 Rag8 26. g3 h5 27. Qxf5 Rxg3+ 28. Rxg3 Rxg3+ 29. hxg3 Qh1# 0-1

[Event "*** SCC Grand Prix: Titled Tuesday Blitz"]
[Site "Chess.com"]
[Date "2020.10.13"]
[Round "6"]
[White "GOGIEFF"]
[Black "Alexsur1981"]
[Result "0-1"]
[WhiteElo "2877"]
[BlackElo "2807"]
[TimeControl "180+1"]
[EndTime "11:06:01 PDT"]
[Termination "Alexsur1981 won by resignation"]

1. d4 d5 2. c4 e6 3. Nc3 c6 4. e4 dxe4 5. Nxe4 Bb4+ 6. Nc3 c5 7. a3 Ba5 8. Nf3 Nc6 9. d5 Nce7 10. b4 Bb6 11. d6 Nf5 12. Na4 Nf6 13. bxc5 Bxc5 14. Nxc5 Qa5+ 15. Bd2 Qxc5 16. Bb4 Qc6 17. Bd3 Nxd6 18.
O-O a5 19. Ne5 Qc7 20. c5 axb4 21. cxd6 Qb6 22. Nc4 Qd4 23. axb4 Rxa1 24. Qxa1 Qxd3 25. Qc1 O-O 26. Rd1 Qe4 27. Nb6 Bd7 28. Nxd7 Nxd7 29. Qc7 Qc6 30. h4 Rc8 31. Qa5 b6 32. Qa6 h6 33. b5 Qa8 34. Ra1 Qxa6 35. bxa6 Ra8 36. a7 Kf8 37. Rc1 Nc5 0-1

[Event "*** SCC Grand Prix: Titled Tuesday Blitz"]
[Site "Chess.com"]
[Date "2020.10.13"]
[Round "6"]
[White "German_Bazeev"]
[Black "Bigfish1995"]
[Result "0-1"]
[WhiteElo "2709"]
[BlackElo "3089"]
[TimeControl "180+1"]
[EndTime "11:06:02 PDT"]
[Termination "Bigfish1995 won by resignation"]

1. d4 d5 2. Nf3 e6 3. c4 h6 4. g3 Nf6 5. Bg2 Bd6 6. Qc2 O-O 7. O-O b6 8. c5 bxc5 9. dxc5 Be7 10. Rd1 Nc6 11. a3 a5 12. Nc3 Bd7 13. e4 d4 14.
Nxd4 Nxd4 15. Rxd4 Bxc5 16. Rd3 Ng4 17. Nd1 Qe7 18. Bf4 e5 19. Be3 Nxe3 20. Nxe3 Be6 21.
Nf5 Bxf5 22. exf5 Rab8 23. f6 gxf6 24. Rc3 Bd4 25. Rxc7 Rxb2 26. Qc4 Qe6 27. Qxe6 fxe6 28. Rf1 Rfb8 29. Bf3 Rxf2 30. Rxf2 Rb2 31. Bh5 Rxf2 32.
Kh1 f5 33. Bf7+ Kg7 34. Bxe6+ Kf6 35. Bc4 e4 36. a4 h5 37. Rc6+ Kg5 38. Bf7 Kg4 39.
Rc1 Kh3 0-1

[Event "*** SCC Grand Prix: Titled Tuesday Blitz"]
[Site "Chess.com"]
[Date "2020.10.13"]
[Round "6"]
[White "GM_Levan_Pantsulaia"]
[Black "Ginger_GM"]
[Result "1-0"]
[WhiteElo "2815"]
[BlackElo "2604"]
[TimeControl "180+1"]
[EndTime "11:06:05 PDT"]
[Termination "GM_Levan_Pantsulaia won by resignation"]

1. Nf3 f5 2. d3 Nc6 3. g3 e5 4.
Bg2 Nf6 5. O-O d6 6. c4 Be7 7. Nc3 O-O 8. Rb1 Qe8 9. b4 Qh5 10. b5 Nd8 11. Nd5 Nxd5 12. cxd5 Nf7 13. Qc2 Bd8 14.
a4 g5 15. Nd2 f4 16. Ne4 Bh3 17. f3 Bxg2 18. Kxg2 Qg6 19. g4 h5 20. h3 Kg7 21.
Bd2 Rh8 22. Rh1 Nh6 23. a5 Ng8 24. a6 b6 25. Qc6 Rb8 26. Qb7 Rxb7 27. axb7 Ne7 28.
b8=Q Nxd5 29. Qb7 Qe6 30. Qc6 Ne7 31. Qc2 Ng6 32. Be1 d5 33. Nd2 Be7 34. Bf2 Bd6 35. Ra1 Bc5 36. Bxc5 Nh4+ 37. Kf2 bxc5 38. Qxc5 hxg4 39.
hxg4 1-0

[Event "*** SCC Grand Prix: Titled Tuesday Blitz"]
[Site "Chess.com"]
[Date "2020.10.13"]
[Round "6"]
[White "Morshynska"]
[Black "Obito24"]
[Result "0-1"]
[WhiteElo "2238"]
[BlackElo "2510"]
[TimeControl "180+1"]
[EndTime "11:06:05 PDT"]
[Termination "Obito24 won by resignation"]

1. Nf3 d5 2. g3 e6 3. Bg2 Nf6 4. O-O Be7 5. d4 O-O 6. c4 b6 7.
Nbd2 Ba6 8. Ne5 c5 9. cxd5 exd5 10. Re1 Bb7 11. b3 Nc6 12. Nxc6 Bxc6 13. Ba3 cxd4 14. Bxe7 Qxe7 15. Nf3 d3 16. Qxd3 Rfd8 17. Rac1 Be8 18. Nd4 g6 19. Nc6 Bxc6 20. Rxc6 Kg7 21. Rec1 Rd7 22. Qd4 Rad8 23. b4 h5 24. Bh3 Rd6 25. Rc7 Qe4 26. Qxe4 dxe4 27. Rxa7 Nd5 28. a3 e3 29. Rc8 exf2+ 30. Kxf2 Rf6+ 31. Ke1 Rdd6 32. Rb8 Ne3 0-1

[Event "*** SCC Grand Prix: Titled Tuesday Blitz"]
[Site "Chess.com"]
[Date "2020.10.13"]
[Round "6"]
[White "janumber1"]
[Black "chessfrendz"]
[Result "0-1"]
[WhiteElo "2188"]
[BlackElo "2382"]
[TimeControl "180+1"]
[EndTime "11:06:07 PDT"]
[Termination "chessfrendz won on time"]

1. e4 e6 2. d4 d5 3. Nd2 h6 4.
Ngf3 dxe4 5. Nxe4 Be7 6. Bd3 Nf6 7. Qe2 Nxe4 8. Qxe4 Nd7 9. Bd2 Nf6 10. Qe2 O-O 11. O-O-O b5 12. g4 Bb7 13. Rhg1 Qd5 14. Ne5 Qxa2 15. c3 b4 16. g5 hxg5 17. cxb4 Qa1+ 18. Kc2 Qa4+ 19. Kb1 Bd5 20. Nc4 a5 21. b5 Ne4 22.
Rc1 Nxd2+ 23. Qxd2 Qxb5 0-1

[Event "*** SCC Grand Prix: Titled Tuesday Blitz"]
[Site "Chess.com"]
[Date "2020.10.13"]
[Round "6"]
[White "boasovietica"]
[Black "FMalexhdez"]
[Result "0-1"]
[WhiteElo "2402"]
[BlackElo "2275"]
[TimeControl "180+1"]
[EndTime "11:06:09 PDT"]
[Termination "FMalexhdez won on time"]

1. e4 c5 2. Nf3 d6 3. d4 cxd4 4.
Nxd4 Nf6 5. Nc3 a6 6. Be3 e5 7. Nf3 h6 8. Nd2 Be6 9. Nc4 b5 10. Nb6 Ra7 11. Nbd5 Rb7 12. Nxf6+ Qxf6 13. Nd5 Qd8 14. Be2 Nd7 15. O-O Nc5 16. Bxc5 dxc5 17. a4 c4 18. axb5 axb5 19. b3 cxb3 20. cxb3 Bc5 21.
Qc2 Bd4 22. Rac1 O-O 23. Nc7 Bxb3 24. Qxb3 Rxc7 25. Rxc7 Qxc7 26. Bxb5 Rb8 27. Qd5 Qc2 28. h3 Rc8 29. Bd7 Rd8 0-1

[Event "*** SCC Grand Prix: Titled Tuesday Blitz"]
[Site "Chess.com"]
[Date "2020.10.13"]
[Round "6"]
[White "realmadridtv"]
[Black "SophieNikoladze"]
[Result "1-0"]
[WhiteElo "2412"]
[BlackElo "2252"]
[TimeControl "180+1"]
[EndTime "11:06:09 PDT"]
[Termination "realmadridtv won by checkmate"]

1. e4 d6 2. d4 Nf6 3. Nc3 Nbd7 4. f4 e5 5. Nf3 exd4 6. Nxd4 Be7 7. Bc4 Nc5 8. e5 dxe5 9. fxe5 Ng4 10. e6 Ne5 11. exf7+ Kf8 12. Be2 Ne6 13. Be3 Nxf7 14. O-O Bf6 15.
Nf5 Qxd1 16. Raxd1 a6 17. Bc4 b5 18. Bd5 Rb8 19.
Ba7 Rb7 20. Bxb7 Bxb7 21. Rde1 Bc8 22. Nd5 Bd8 23. Nb4 g6 24. Nd4 Nxd4 25. Bxd4 Rg8 26. Nd5 Bf5 27. Nf6 c5 28. Nxh7# 1-0